 Dungeon Crawl Stone Soup version 0.18.1-48-g4cf74bf (webtiles) character file.

9 Joat the Sneak (level 2, -3/13 HPs)
             Began as a Vine Stalker Enchanter on Aug 17, 2016.
             Slain by a gnoll
             ... wielding a +2 flail of protection
              (10 damage)
             ... on level 1 of the Dungeon.
             The game lasted 00:03:08 (214 turns).

Joat the Sneak (Vine Stalker Enchanter)              Turns: 214, Time: 00:03:08

Health: -3/13      AC:  3    Str: 10    XL:     2   Next: 16%
Magic:  0/6        EV: 12    Int: 15    God:
Gold:   4          SH:  0    Dex: 14    Spells: 1 memorised, 4 levels left

rFire  . . .     SeeInvis .     a - +1 dagger
rCold  . . .     Gourm    .     b - +1 robe
rNeg   . . .     Faith    .     (no shield)
rPois  .         Spirit   +     (no helmet)
rElec  .         Dismiss  .     (no cloak)
rCorr  .         Reflect  .     (no gloves)
SustAt .         Harm     .     (no boots)
MR     .....                    (no amulet)
Stlth  ++........               (no ring)
                                (no ring)

@: not resistant to hostile enchantments, unstealthy
A: fangs 2, regeneration 1, magic shield, antimagic bite, no device heal 3, rot
immunity
a: no special abilities


You were on level 1 of the Dungeon.
You were not hungry.

You visited 1 branch of the dungeon, and saw 1 of its levels.

You collected 4 gold pieces.

Inventory:

Hand Weapons
 a - a +1 dagger (weapon)
 f - a +0 mace
Armour
 b - a +1 robe (worn)
Jewellery
 e - a cursed ring of teleportation {unknown}
Scrolls
 h - a scroll of magic mapping {unknown}
Potions
 i - a potion of brilliance {unknown}
 k - a potion of degeneration {unknown}
 l - a potion of agility {unknown}
Books
 c - a book of Maledictions

   Spells                             Type                      Level
   a - Corona                         Hexes                        1
   b - Ensorcelled Hibernation        Hexes/Ice                    2
   c - Confuse                        Hexes                        3
   d - Tukima's Dance                 Hexes                        3
   e - Dazzling Spray                 Conjuration/Hexes            3
Comestibles
 d - a bread ration
 g - 5 chunks of flesh
 j - a meat ration
 m - 5 fruits


   Skills:
 + Level 1.9 Short Blades
 - Level 1.5 Dodging
 - Level 3.6 Stealth
 - Level 2.1 Spellcasting
 - Level 3.0 Hexes


You had 4 spell levels left.
You knew the following spells:

 Your Spells              Type           Power        Failure   Level  Hunger
a - Corona                Hex            ##.....      8%          1    #......


Dungeon Overview and Level Annotations

Branches:
Dungeon (1/15)

Altars:


Innate Abilities, Weirdness & Mutations

You have extremely sharp teeth.
Your natural rate of healing is unusually fast.
When hurt, damage is shared between your health and your magic reserves.
Your bite disrupts and absorbs the magic of your enemies.
Potions and wands cannot restore your health.
You are immune to rotting.


Message History

The gnoll hits you with a flail of protection.
You hit the gnoll. You bite the gnoll, but do no damage.
The gnoll is moderately wounded.
The gnoll splashes around in the water.
You barely miss the gnoll.
The gnoll is moderately wounded.
The bat hits you but does no damage.
Your magical contamination has completely faded away.
You hit the gnoll.
The gnoll is moderately wounded.
The bat closely misses you. The gnoll misses you.
You hit the gnoll. Your bite misses the gnoll.
The gnoll is heavily wounded.
The gnoll hits you but does no damage. The bat closely misses you.
You hit the gnoll but do no damage.
The gnoll is heavily wounded.
The bat misses you.
The gnoll hits you with a flail of protection!
Ouch! That really hurt!
You die...

#≈.#.'....'..#..'.....
#≈.#<'....'..#..'(...#
#≈(#.#§§§.#≈.#.≈#.≈.##
###≈.#.#§≈≈.#≈.#.≈#8≈.#
#..≈.#.#.§≈.#≈.#.≈#.≈.#
#..≈.#.#.§≈.#≈...≈#.≈.#
#..≈8#.#.≈≈.#≈≈≈≈≈#8≈..
#..≈.##############.≈..#
#..≈..8@......... ..≈...
#..≈≈)%≈gb≈≈≈≈≈≈ ≈≈)..
#........#####.# ...>.
########....##.#####....
##...............
#........###....
#...............
#...............
#>......##.##...


You could see a gnoll and a bat.

Vanquished Creatures
  A giant cockroach (D:1)
  2 goblins (D:1)
  2 hobgoblins (D:1)
  A bat (D:1)
  2 kobolds (D:1)
  A rat (D:1)
9 creatures vanquished.

Notes
Turn   | Place    | Note
--------------------------------------------------------------
     0 | D:1      | Joat the Vine Stalker Enchanter began the quest for the Orb.
     0 | D:1      | Reached XP level 1. HP: 9/9 MP: 4/4
    36 | D:1      | Reached skill level 1 in Short Blades
   153 | D:1      | Reached XP level 2. HP: 13/13 MP: 4/6
   214 | D:1      | Slain by a gnoll

Skill      XL: |  1 |
---------------+----+-----
Short Blades   | 1 |  1.9
Dodging        | |  1.5
Stealth        | |  3.6
Spellcasting   | |  2.1
Hexes          | |  3.0

Action                   || total
-------------------------++-------
Melee: Dagger            ||    27
       Bite              ||     5
 Cast: Corona            ||     8
  Use: Scroll            ||     1
 Stab: Sleeping          ||     1
Armor: Robe              ||    18
Dodge: Dodged            ||    29
